Map: Abiogenesis LE

Players

Infamous

  • Race: Protoss Protoss
  • League: Gold
  • Spawn Location: 11:00

MrJ - Winner!

  • Race: Zerg Zerg
  • League: Gold
  • Spawn Location: 5:00

VOD

Have the link to the VOD?

Description

Time

  • Played on: April 19, 2018, 10:52 a.m.
  • Length: 5:06
Show
View Real Time Build Order
Export as new Build Order

Infamous Protoss 

Build Orders:  

Get SALT Encoding   

  12  0:01  Probe  
  13  0:17  Probe  
  13  0:20  Pylon  
  14  0:26  Probe  
  15  0:40  Gateway  
  15  0:41  Probe  
  16  0:55  Assimilator  
  16  0:57  Probe  
  17  1:13  Gateway  
  17  1:16  Probe  
  18  1:28  Probe  
  19  1:39  Cybernetics Core  
  19  1:47  Assimilator  
  19  1:52  Probe  
  19  1:53  Pylon  
  20  2:10  Nexus  
  19  2:16  Probe  
  19  2:22  Adept  
  20  2:31  Adept  
  20  2:34  Warp Gate  
  24  2:40  Probe  
  25  2:58  Stalker  
  27  3:00  Pylon  
  27  3:12  Sentry  
  15  3:57  Stalker  
  15  3:58  Stalker  
  15  4:01  Probe  
  14  4:02  Probe  
  18  4:13  Probe  
  18  4:16  Probe  
  20  4:32  Probe x2  
  22  4:44  Probe  
Show
View Real Time Build Order
Export as new Build Order

MrJ Zerg - Winner!

Build Orders: Hatch First 

Get SALT Encoding   

  12  0:01  Drone  
  13  0:08  Drone  
  14  0:17  Overlord  
  14  0:37  Drone x3  
  17  0:56  Drone  
  18  1:00  Hatchery  
  17  1:11  Spawning Pool  
  16  1:15  Drone  
  16  1:17  Drone  
  18  1:23  Extractor  
  17  1:27  Drone  
  18  1:37  Drone  
  19  1:47  Drone  
  20  1:57  Zergling x2  
  21  2:01  Extractor  
  21  2:03  Zergling x2  
  21  2:19  Zergling x2  
  21  2:20  Queen  
  24  2:24  Zergling x2  
  24  2:25  Zergling x4  
  27  2:30  Lair  
  27  2:34  Zergling x2  
  28  2:45  Metabolic Boost  
  28  2:48  Overlord x2  
  28  3:05  Queen  
  28  3:06  Zergling x4  
  28  3:07  Zergling x2  
  28  3:11  Zergling x2  
  34  3:13  Zergling x2  
  34  3:51  Zergling x4  
  34  3:53  Zergling x4  
  34  3:55  Zergling x6  
  39  3:59  Evolution Chamber  
  36  4:05  Baneling Nest  
  36  4:08  Zergling x2  
  34  4:20  Zergling x4  
  34  4:23  Zergling x2  
  37  4:29  Zergling x2  
Tags
 
League
GoldGold
Matchup
PvZ
Replay Pack
Last Remnant (2)
Spawn Locations
Cross Positions
Add a new tag
Caveats
  • Supply blocks, unpowered buildings, or Contaminate may cause inaccurate times.
  • Supply counts are checked every 10 seconds.